Map: Lightshade LE

Players

Clem - Winner!

  • Race: Terran Terran

Spirit (souL)

  • Race: Terran Terran

Event: DreamHack SC2 Masters 2021 Winter

VOD

Have the link to the VOD?

Description

Time

  • Played on: Oct. 7, 2021, 1:28 p.m.
  • Length: 14:31

All games in this series

Show
View Real Time Build Order
Export as new Build Order

Clem Terran - Winner!

Build Orders:  

Get SALT Encoding   

  12  0:00  SCV  
  13  0:12  SCV  
  14  0:16  Supply Depot  
  14  0:24  SCV  
  15  0:38  SCV  
  15  0:40  Barracks  
  16  0:43  Refinery  
  16  0:50  SCV  
  16  0:52  Refinery  
  17  1:02  SCV  
  18  1:14  SCV  
  19  1:26  Orbital Command  
  19  1:27  Reaper  
  19  1:28  Supply Depot  
  20  1:42  Factory  
  20  1:52  SCV  
  21  1:59  Barracks Reactor  
  21  2:05  SCV  
  22  2:17  Command Center  
  22  2:21  SCV  
  23  2:26  Hellion  
  25  2:33  SCV  
  25  2:35  Reaper  
  25  2:36  Reaper  
  28  2:40  Supply Depot  
  28  2:45  SCV  
  28  2:48  Hellion  
  31  2:58  Starport  
  31  3:01  SCV  
  32  3:07  Marine x2  
  32  3:10  Factory Tech Lab  
  34  3:13  SCV  
  35  3:22  Refinery  
  35  3:25  SCV  
  37  3:30  Orbital Command  
  37  3:33  Cyclone  
  39  3:37  Medivac  
  39  3:40  SCV  
  42  3:41  Marine  
  42  3:45  Marine  
  44  3:52  SCV, Supply Depot  
  44  3:55  SCV  
  46  4:04  SCV  
  46  4:05  Siege Tank  
  46  4:07  SCV  
  46  4:09  Starport Tech Lab  
  51  4:12  Marine x2  
  51  4:16  SCV  
  54  4:20  SCV  
  54  4:21  Supply Depot  
  55  4:26  Raven  
  55  4:29  SCV  
  58  4:37  Siege Tank  
  58  4:39  SCV  
  58  4:41  SCV  
  57  4:45  Supply Depot  
  57  4:52  SCV  
  56  4:54  Command Center, SCV  
  56  4:59  Marine x2  
  56  5:04  SCV  
  56  5:06  SCV  
  58  5:09  Raven  
  60  5:16  SCV, Siege Tank  
  60  5:18  SCV  
  60  5:19  Marine x2  
  67  5:24  Refinery, Supply Depot  
  65  5:28  SCV  
  65  5:30  SCV  
  67  5:39  Barracks  
  67  5:41  SCV  
  68  5:43  SCV  
  68  5:44  Barracks  
  68  5:49  Siege Tank, Supply Depot  
  72  5:53  SCV  
  72  5:55  SCV  
  74  6:01  Marine  
  75  6:04  Viking x2  
  75  6:06  Stimpack  
  75  6:07  SCV  
  75  6:08  SCV  
  81  6:18  Engineering Bay x2  
  81  6:19  Marine  
  81  6:21  SCV  
  81  6:22  SCV  
  81  6:25  Siege Tank  
  87  6:28  Orbital Command  
  87  6:34  Barracks Reactor x2, Supply Depot  
  87  6:35  SCV  
  87  6:38  SCV  
  89  6:41  Viking  
  89  6:44  Viking  
  89  6:46  Marine  
  94  6:47  SCV  
  94  6:51  SCV  
  94  6:53  Supply Depot  
  95  6:54  SCV  
  95  6:59  SCV  
  95  7:00  Siege Tank  
  100  7:03  SCV  
  100  7:06  SCV  
  100  7:08  Terran Infantry Armor Level 1, Terran Infantry Weapons Level 1  
  103  7:11  SCV, Marine x5, Supply Depot  
  103  7:15  SCV  
  109  7:18  SCV  
  109  7:21  Supply Depot  
  110  7:23  SCV  
  110  7:24  Refinery x2  
  110  7:25  Supply Depot  
  110  7:26  Medivac  
  110  7:27  SCV  
  110  7:28  Medivac  
  110  7:29  Marine  
  117  7:30  Marine x2  
  117  7:31  Marine  
  117  7:32  Marine  
  121  7:37  Siege Tank  
  121  7:39  SCV x3  
  126  7:45  Combat Shield  
  126  7:46  Marine  
  127  7:51  SCV x2  
  127  7:52  SCV  
  127  7:57  Barracks  
  130  7:58  Barracks  
  130  8:01  Armory  
  130  8:04  Factory  
  130  8:09  Marine  
  130  8:10  Command Center  
  130  8:11  Marine x2  
  133  8:16  Siege Tank  
  133  8:17  Marine  
  133  8:18  Marine  
  138  8:22  Supply Depot  
  138  8:27  Marine  
  138  8:28  Marine  
  138  8:29  Marine  
  138  8:30  Viking x2  
  145  8:39  Sensor Tower  
  139  8:46  Marine x2  
  139  8:47  Marine  
  132  8:51  Siege Tank  
  132  8:52  Marine  
  136  8:56  Barracks Reactor  
  136  8:57  Barracks Reactor  
  136  9:00  Medivac  
  136  9:01  Medivac  
  131  9:03  Marine  
  131  9:04  Marine  
  131  9:09  Siege Tank, Marine  
  136  9:10  SCV, Marine  
  136  9:11  SCV  
  136  9:12  SCV  
  136  9:13  Missile Turret x2  
  136  9:14  Missile Turret  
  136  9:15  Terran Infantry Weapons Level 2, Barracks Reactor  
  140  9:17  Sensor Tower  
  140  9:21  Marine x2  
  140  9:23  SCV  
  143  9:25  SCV  
  143  9:27  Marine  
  143  9:28  Marine  
  149  9:33  Terran Infantry Armor Level 2  
  149  9:35  Terran Vehicle Weapons Level 1, Marine  
  149  9:36  SCV, Supply Depot  
  149  9:37  SCV  
  149  9:39  Marine x3  
  149  9:41  Marine x2  
  154  9:46  SCV  
  154  9:47  Marine x2  
  154  9:48  Siege Tank  
  154  9:52  Marine  
  161  9:53  Marine  
  161  9:55  Marine  
  161  9:57  Siege Tank, Marine  
  161  9:58  Viking x2  
  171  10:03  Supply Depot  
  171  10:05  Supply Depot  
  171  10:07  Planetary Fortress  
  171  10:10  Marine x3  
  171  10:11  SCV, Marine  
  171  10:12  SCV  
  171  10:13  SCV  
  172  10:18  Marine  
  172  10:20  Marine  
  166  10:21  Marine  
  166  10:23  SCV, Siege Tank  
  166  10:26  Marine  
  166  10:27  Marine x2  
  166  10:28  Marine x4  
  156  10:31  Viking  
  156  10:33  Viking  
  161  10:36  Siege Tank, Marine  
  161  10:38  Marine  
  161  10:39  Marine  
  164  10:44  Marine x3  
  164  10:45  Marine  
  164  10:46  Marine  
  164  10:48  Marine x2  
  162  10:54  Marine  
  162  10:55  Siege Tank, Marine  
  167  10:57  Marine  
  167  11:01  Medivac  
  167  11:02  Marine x2  
  166  11:05  SCV x2, Marine  
  166  11:08  Siege Tank  
  166  11:09  Marine  
  166  11:10  Marine x2  
  175  11:13  Marine x2  
  175  11:16  Command Center  
  176  11:19  Marine  
  176  11:20  Marine  
  176  11:21  Marine  
  176  11:24  Marine x2  
  172  11:27  Siege Tank  
  158  11:38  Marine x3  
  158  11:39  Marine x2  
  149  11:40  Siege Tank  
  149  11:41  Marine x2  
  149  11:46  Marine x2  
  152  11:49  SCV  
  152  11:50  SCV  
  152  11:52  Marine  
  155  11:55  Marine  
  155  11:58  SCV  
  155  11:59  Siege Tank, Marine x2  
  161  12:10  Marine x3  
  161  12:12  Hellion  
  161  12:15  Starport  
  166  12:17  Marine  
  166  12:19  Marine x2  
  157  12:30  Marine x3  
  157  12:31  Siege Tank  
  157  12:32  SCV  
  157  12:33  Siege Tank, Marine  
  157  12:35  Marine  
  144  12:43  Marine  
  145  12:51  SCV x3, Refinery  
  146  12:52  Marine  
  148  12:58  Marine x3  
  148  13:03  SCV, Marine x2, Hellion  
  156  13:05  Siege Tank  
  156  13:06  Marine  
  156  13:07  Marine  
  156  13:10  Marine  
  162  13:16  Marine x2  
  159  13:21  Marine x2  
  159  13:24  Marine  
  159  13:25  Siege Tank  
  122  13:34  Marine x2  
  122  13:38  Marine x2  
  125  13:52  Marine x2  
  125  13:55  Barracks  
  124  13:56  Marine x2  
  124  13:57  Siege Tank, Barracks  
  128  14:09  Marine  
  109  14:10  Marine  
  109  14:14  SCV  
  109  14:15  SCV  
  109  14:16  SCV  
  108  14:17  SCV  
  108  14:24  Factory Tech Lab  
Show
View Real Time Build Order
Export as new Build Order

Spirit Terran 

Build Orders: Cyclone Opening 

Get SALT Encoding   

  12  0:00  SCV  
  13  0:12  SCV  
  14  0:18  Supply Depot  
  14  0:26  SCV  
  15  0:39  SCV  
  15  0:41  Barracks  
  16  0:44  Refinery  
  16  0:51  SCV  
  16  0:53  Refinery  
  17  1:03  SCV  
  18  1:16  SCV  
  19  1:29  Orbital Command, Reaper  
  20  1:37  Supply Depot  
  20  1:43  Factory  
  20  1:54  SCV  
  20  2:01  Reaper  
  22  2:06  SCV  
  23  2:18  SCV  
  23  2:22  Command Center  
  24  2:29  Factory Tech Lab  
  24  2:31  SCV  
  24  2:33  Barracks Reactor  
  25  2:43  SCV  
  26  2:47  Cyclone  
  26  2:49  Supply Depot  
  29  2:55  SCV  
  29  2:57  Starport  
  30  3:07  SCV  
  30  3:11  Marine x2  
  33  3:19  SCV  
  34  3:21  Refinery  
  34  3:22  Siege Tank  
  37  3:28  Marine  
  37  3:33  Starport Tech Lab  
  39  3:35  SCV  
  39  3:37  Orbital Command  
  39  3:46  Marine x2  
  39  3:48  SCV  
  42  3:55  Raven  
  42  4:00  SCV  
  45  4:03  SCV  
  45  4:08  Marine  
  47  4:10  Marine  
  47  4:12  SCV  
  47  4:13  Supply Depot  
  47  4:15  SCV  
  51  4:24  SCV  
  51  4:25  Command Center  
  51  4:28  SCV  
  52  4:36  SCV  
  48  4:38  Raven  
  48  4:40  SCV  
  49  4:45  Siege Tank  
  49  4:47  Marine  
  49  4:48  SCV  
  49  4:52  SCV, Marine, Supply Depot  
  56  5:00  SCV  
  56  5:04  SCV, Marine  
  59  5:10  Marine  
  59  5:12  Supply Depot  
  59  5:13  Supply Depot  
  60  5:17  Siege Tank  
  60  5:21  SCV  
  62  5:22  Marine  
  62  5:24  SCV  
  62  5:28  Marine  
  65  5:29  Raven  
  65  5:33  SCV  
  68  5:36  Refinery  
  68  5:37  SCV  
  68  5:39  Orbital Command  
  68  5:40  Barracks, Marine  
  70  5:42  Barracks  
  70  5:45  SCV  
  70  5:46  Marine  
  70  5:49  SCV  
  73  5:57  SCV, Engineering Bay x2  
  73  5:58  Siege Tank  
  73  6:01  Marine  
  73  6:04  Marine  
  79  6:08  Orbital Command, SCV  
  80  6:12  SCV  
  81  6:20  SCV  
  81  6:24  SCV  
  82  6:30  Siege Tank  
  82  6:31  Sensor Tower  
  86  6:32  SCV  
  86  6:35  Viking x2  
  86  6:36  Stimpack  
  86  6:37  Barracks Reactor x2  
  86  6:38  Marine  
  86  6:39  SCV  
  92  6:42  SCV  
  92  6:46  SCV  
  94  6:50  Terran Infantry Armor Level 1, Terran Infantry Weapons Level 1  
  94  6:51  SCV  
  95  6:54  Barracks, Supply Depot x2  
  95  6:57  Marine  
  95  6:59  SCV  
  95  7:01  SCV  
  98  7:03  SCV, Barracks  
  61  7:08  Viking  
  101  7:15  SCV x3, Viking  
  101  7:18  Supply Depot  
  101  7:21  Marine x2  
  104  7:25  Siege Tank  
  104  7:27  Marine  
  104  7:28  SCV x2  
  104  7:29  Marine  
  110  7:31  Marine, Refinery x2  
  110  7:32  Supply Depot  
  110  7:35  SCV  
  111  7:37  Supply Depot  
  111  7:39  Marine x2  
  111  7:40  Viking  
  111  7:41  SCV  
  111  7:43  SCV  
  117  7:45  Viking  
  117  7:48  Barracks Reactor  
  117  7:50  Barracks Reactor, Marine  
  117  7:51  Marine x2  
  120  7:54  Supply Depot  
  120  7:56  Command Center, Supply Depot  
  120  7:58  SCV  
  121  7:59  Marine, Armory  
  121  8:00  SCV, Marine  
  121  8:04  Siege Tank  
  127  8:08  Marine x2  
  127  8:09  Marine  
  127  8:11  Viking  
  132  8:17  Marine  
  132  8:18  Marine  
  134  8:26  Marine x4  
  135  8:28  Viking  
  135  8:30  Marine  
  135  8:32  Marine  
  135  8:34  Marine  
  135  8:35  Marine x2  
  135  8:36  Siege Tank  
  140  8:41  Viking  
  140  8:44  Marine x4  
  140  8:48  Marine  
  138  8:50  Marine  
  138  8:52  Marine  
  138  8:53  Marine  
  134  8:58  Liberator  
  134  8:59  Marine  
  134  9:02  SCV x2  
  140  9:08  Siege Tank  
  143  9:11  Liberator  
  143  9:12  Combat Shield  
  143  9:14  SCV, Supply Depot  
  143  9:15  SCV  
  143  9:16  SCV  
  149  9:24  Marine  
  149  9:28  Missile Turret  
  149  9:29  Marine  
  149  9:30  Marine  
  149  9:31  Marine x5  
  157  9:34  Marine  
  157  9:36  Supply Depot  
  157  9:37  SCV  
  157  9:38  Supply Depot  
  159  9:40  Terran Infantry Weapons Level 2, Terran Infantry Armor Level 2  
  159  9:48  Liberator  
  159  9:49  Marine  
  163  9:53  Siege Tank, Marine  
  163  9:56  SCV x2  
  170  10:00  SCV  
  170  10:08  SCV x2  
  170  10:11  Marine  
  173  10:15  Marine  
  173  10:19  Marine x5  
  173  10:21  Marine  
  167  10:22  Marine  
  167  10:25  Siege Tank  
  167  10:26  SCV  
  164  10:28  Marine  
  164  10:33  Marine  
  166  10:36  Marine  
  166  10:37  Marine x4  
  166  10:39  Marine  
  166  10:40  Marine  
  173  10:45  Viking x2  
  173  10:46  Marine  
  173  10:49  Planetary Fortress  
  172  10:50  Marine  
  172  10:54  Marine x4  
  172  10:55  Marine  
  178  10:57  Siege Tank  
  178  10:58  Marine  
  178  11:03  Marine  
  183  11:06  Marine  
  184  11:12  Starport  
  184  11:15  Medivac  
  184  11:29  Siege Tank  
  184  11:30  Marine  
  185  11:33  Marine  
  185  11:34  Marine  
  185  11:36  Marine  
  185  11:37  Marine  
  185  11:38  Marine  
  179  11:43  Medivac, Marine  
  179  11:45  Medivac, Marine  
  185  11:49  Marine  
  185  11:52  Marine  
  187  12:01  Siege Tank, Marine  
  186  12:13  Medivac  
  185  12:15  Medivac  
  185  12:19  Marine x2, Refinery  
  185  12:20  Starport Reactor, Command Center, Refinery  
  189  12:28  Command Center  
  189  12:29  Marine x2  
  185  12:32  Marine x2  
  185  12:33  Siege Tank  
  185  12:34  Marine  
  185  12:35  Marine x2  
  144  12:37  Marine x2  
  144  12:43  Medivac  
  148  12:45  Medivac  
  148  12:46  Marine x2  
  148  12:47  Sensor Tower, SCV  
  148  12:50  Marine x2  
  148  12:51  SCV  
  156  12:52  Marine x3  
  156  12:57  Marine x2  
  161  12:59  SCV  
  161  13:03  SCV  
  161  13:04  Marine x2  
  161  13:05  Siege Tank  
  168  13:08  Marine x2  
  168  13:10  Marine x3  
  168  13:12  SCV  
  174  13:13  Medivac  
  174  13:15  Medivac, Marine x2  
  179  13:22  Marine x2  
  179  13:25  Marine  
  179  13:26  Marine  
  152  13:28  Marine x2  
  152  13:31  Marine  
  152  13:33  Marine x2  
  144  13:37  Siege Tank  
  144  13:40  Marine x2  
  148  13:43  Marine x2  
  148  13:46  Marine x2  
  125  13:49  Marine  
  125  13:50  Marine  
  125  13:51  Marine  
  101  14:00  Marine  
  101  14:01  Marine x2  
  102  14:02  Marine  
  102  14:07  Marine  

Tags
 
Add a new tag
Caveats
  • Supply blocks, unpowered buildings, or Contaminate may cause inaccurate times.
  • Supply counts are checked every 10 seconds.